 Dungeon Crawl Stone Soup version 0.27.1-33-g824d729ab1 (webtiles) character file.

Game seed: 17773441515331304814

44 SensoryNuts the Covered (level 3, -1/29 HPs)
             Began as a Demonspawn Fighter on Dec 10, 2021.
             Was a Follower of Vehumet.
             Slain by a gnoll (8 damage)
             ... on level 2 of the Dungeon.
             The game lasted 00:03:49 (1032 turns).

SensoryNuts the Covered (Demonspawn Fighter)        Turns: 1032, Time: 00:03:49

Health: -1/29      AC: 13    Str: 17    XL:     3   Next: 41%
Magic:  2/3        EV:  7    Int:  9    God:    Vehumet [*.....]
Gold:   67         SH:  8    Dex: 12    Spells: 1/2 levels left

rFire    . . .     SeeInvis .   j - +2 dagger (elec)
rCold    . . .     Faith    .   c - +0 kite shield
rNeg     . . .     Spirit   .   b - +0 scale mail
rPois    .         Reflect  .   (no helmet)
rElec    .         Harm     .   (no cloak)
rCorr    .         Rampage  .   g - +2 pair of gloves
Will     .....                  e - +2 pair of boots
Stlth    ..........             (no amulet)
HPRegen  0.09/turn              (no ring)
MPRegen  0.16/turn              (no ring)

@: mighty, very slightly contaminated
A: magic regeneration
a: Renounce Religion


You were on level 2 of the Dungeon.
You worshipped Vehumet.
Vehumet was aware of your devotion.
You visited 1 branch of the dungeon, and saw 2 of its levels.

You collected 67 gold pieces.

Inventory:

Hand Weapons
 a - a +0 long sword
 j - a +2 dagger of electrocution (weapon)
Armour
 b - a +0 scale mail (worn)
 c - a +0 kite shield (worn)
 e - a +2 pair of boots (worn)
 g - a +2 pair of gloves (worn)
Scrolls
 h - a scroll of identify {unknown}
Potions
 f - a potion of curing {unknown}
 i - a potion of attraction {unknown}


   Skills:
 + Level 3.1 Fighting
 + Level 2.0 Long Blades
 + Level 3.4 Armour
 + Level 0.9 Dodging
 + Level 2.8 Shields


You had one spell level left.
You knew the following spells:

 Your Spells              Type           Power      Damage    Failure   Level
a - Foxfire               Conj/Fire      0%         2x1d4     100%        1

Your spell library contained the following spells:

 Spells                   Type           Power      Damage    Failure   Level


Dungeon Overview and Level Annotations

Branches:
Dungeon (2/15)

Altars:
Vehumet


Innate Abilities, Weirdness & Mutations

You regenerate magic rapidly.


Message History

You hit the gnoll.
The gnoll is severely wounded.
The gnoll hits you from afar with a +0 halberd!
The gnoll hits you but does no damage.
You hit the gnoll.
You kill the gnoll!
Vehumet accepts your kill. The gnoll hits you but does no damage.
You block the gnoll's attack.
You have reached level 3!
Your experience leads to an increase in your attributes!
Increase (S)trength, (I)ntelligence, or (D)exterity?
You feel stronger.
Unknown command.
You are too depleted to draw on your mana recklessly!
The gnoll barely misses you.
Things that are here:
a +0 whip; a +0 club; a gnoll corpse You hit the gnoll.
Lightning courses through the gnoll!
You kill the gnoll!
Vehumet accepts your kill. You block the gnoll's attack.
You barely miss the gnoll. The gnoll hits you with a +0 flail.
You hit the gnoll.
The gnoll is moderately wounded.
You block the gnoll's attack.
You barely miss the gnoll.
The gnoll is moderately wounded.
You block the gnoll's attack.
You hit the gnoll.
The gnoll is heavily wounded.
The gnoll completely misses you. You block the gnoll's attack.
You barely miss the gnoll.
The gnoll is heavily wounded.
The gnoll hits you with a +0 flail.
* * * LOW HITPOINT WARNING * * *
Unknown command.
You are too injured to fight recklessly!
You feel very mighty all of a sudden. The gnoll hits you with a +0 flail!
You die...

# .#
###.##..#
#.....#
#.# #.#
#@# #g#
#w#
#......##
#...gg.
#...g..
#..w...
#......
#######


You could see a worm and a gnoll.

Vanquished Creatures
  3 gnolls (D:2)
  2 goblins (D:1)
  2 hobgoblins (D:1)
  2 jackals (D:1)
  A kobold (D:1)
  A ball python (D:1)
  4 bats (D:1)
  2 rats (D:1)
17 creatures vanquished.

Vanquished Creatures (others)
  3 plants (D:1)
  3 withered plants (D:1)
6 creatures vanquished.

Grand Total: 23 creatures vanquished

Notes
Turn   | Place    | Note
-------+----------+-------------------------------------------
     0 | D:1      | SensoryNuts the Demonspawn Fighter began the quest for the
                  | Orb.
     0 | D:1      | Reached XP level 1. HP: 18/18 MP: 1/1
   363 | D:1      | Gained mutation: You regenerate magic rapidly. [demonic
                  | ancestry]
   363 | D:1      | Reached XP level 2. HP: 23/24 MP: 2/2
   386 | D:1      | Found a faded altar of an unknown god.
   977 | D:1      | Became a worshipper of Vehumet
   977 | D:1      | Reached * piety under Vehumet
   977 | D:1      | Offered knowledge of Foxfire by Vehumet.
  1007 | D:1      | Learned a level 1 spell: Foxfire
  1025 | D:2      | Reached XP level 3. HP: 16/29 MP: 0/3
  1032 | D:2      | Slain by a gnoll

Illustrated notes

Levels and vault maps discovered:
D:1:      dpeg_arrival_rhombi, layout_basic,
          shapermc_ecumenical_altar_flowoftime, hex_tiny
D:2:      layout_basic, grunt_ministairs_2

Skill      XL: |  1  2 |
---------------+-------+-----
Armour         | 3 |  3.4
Long Blades    | 2 |  2.0
Fighting       | |  3.1
Dodging        | |  0.9
Shields        | |  2.8

Action                   || total
-------------------------++-------
Melee: Long sword        ||    31
       Dagger            ||    44
  Use: Potion            ||     1
Armor: Scale mail        ||    29
Dodge: Dodged            ||    15
Block: Kite shield       ||    29
       Rpst.: Long sword ||     4
